 Dungeon Crawl Stone Soup version 0.29.1-15-g9cfb28693d (webtiles) character file.

Game seed: 9141643691915880456

4237 kingofthe the Thaumaturge (level 10, -10/50 HPs)
             Began as a Deep Elf Conjurer on Feb 26, 2023.
             Was a Believer of Sif Muna.
             Mangled by an orc warlord
             ... wielding a +5 broad axe
              (60 damage)
             ... in a bailey.
             The game lasted 00:34:12 (9032 turns).

kingofthe the Thaumaturge (Deep Elf Conjurer)       Turns: 9032, Time: 00:34:14

Health: -10/50     AC:  5    Str:  4    XL:     10   Next: 9%
Magic:  4/24       EV: 18    Int: 24    God:    Sif Muna [**....]
Gold:   250        SH:  0    Dex: 23    Spells: 7/26 levels left

rFire   + . .      SeeInvis .   p - +6 club
rCold   . . .      Faith    .   (no shield)
rNeg    . . .      Spirit   .   g - +2 robe {rF+}
rPois   .          Reflect  .   z - +0 helmet
rElec   .          Harm     .   r - scarf {repulsion}
rCorr   .          Rampage  .   (no gloves)
Will    +....                   (no boots)
Stlth   +++.......              h - amulet of the acrobat
HPRegen 0.16/turn               D - +6 ring of dexterity
MPRegen 0.19/turn               Z - ring of wizardry

@: repel missiles
A: no striking features
a: Renounce Religion, Channel Magic


You were in a bailey.
You worshipped Sif Muna.
Sif Muna was pleased with you.
You visited 1 branch of the dungeon, and saw 7 of its levels.
You also visited: Bailey.

You collected 346 gold pieces.
You spent 96 gold pieces at shops.


   Skills:
 + Level 7.5 Dodging
 - Level 5.0 Stealth
 + Level 8.5 Spellcasting
 + Level 7.8 Conjurations
 + Level 7.7 Hexes
 - Level 3.1 Necromancy
 - Level 3.0 Air Magic
 * Level 6.9 Invocations


You had 7 spell levels left.
You knew the following spells:

 Your Spells              Type           Power      Damage    Failure   Level
a - Magic Dart            Conj           100%       1d8       1%          1
b - Searing Ray           Conj           94%        2d7       1%          2
c - Mephitic Cloud        Conj/Pois/Air  27%        N/A       1%          3
d - Fulminant Prism       Conj/Hex       23%        3d13      1%          4
e - Static Discharge      Conj/Air       36%        3-8/arc   1%          2
f - Tukima's Dance        Hex            47%        N/A       1%          3
g - Shock                 Conj/Air       100%       1d9       1%          1
y - Apportation           Tloc           20%        N/A       2%          1
z - Sublimation of Blood  Necr           25%        N/A       1%          2

Your spell library contained the following spells:

 Spells                   Type           Power      Damage    Failure   Level
 Necrotise                Necr           100%       1d9       1%          1
 Dazzling Flash           Conj/Hex       94%        N/A       1%          3
 Portal Projectile        Hex/Tloc       56%        N/A       1%          3
 Vampiric Draining        Necr           25%        2d7       1%          3
 Call Imp                 Summ           10%        N/A       4%          2
 Wereblood                Tmut           10%        N/A       4%          2
 Iskenderun's Mystic Bla  Conj/Tloc      28%        2d7       4%          4
 Ozocubu's Armour         Ice            10%        N/A       8%          3
 Agony                    Necr           25%        N/A       19%         5
 Animate Armour           Summ/Erth      20%        N/A       24%         4
 Alistair's Intoxication  Tmut/Pois      6%         N/A       52%         5
 Blade Hands              Tmut           5%         N/A       52%         5
 Iron Shot                Conj/Erth      14%        9d4       56%         6
 Ozocubu's Refrigeration  Ice            5%         4d8       100%        7
 Summon Hydra             Summ           5%         N/A       100%        7
 Ignition                 Fire           5%         3d4       100%        8

Inventory:

Hand Weapons
 p - a +6 club (weapon)
 x - a +0 whip of electrocution
 B - a +0 trident of flaming
Armour
 g - a +2 robe of fire resistance (worn)
 r - a scarf of repulsion (worn)
 v - a +2 ring mail of poison resistance
 z - a +0 helmet (worn)
 E - a +1 cloak
Jewellery
 h - an amulet of the acrobat (around neck)
 D - a +6 ring of dexterity (left hand)
 P - a ring of poison resistance
 Z - a ring of wizardry (right hand)
Wands
 b - a wand of flame (34)
 w - a wand of quicksilver (6)
 y - a wand of iceblast (10)
Scrolls
 a - 2 scrolls of identify {@r1}
 d - a scroll of fog {unknown}
 e - 4 scrolls of poison {unknown}
 f - 2 scrolls of teleportation {unknown}
 i - a scroll of magic mapping {unknown}
 l - 3 scrolls of brand weapon {unknown}
 o - a scroll of immolation {unknown}
 s - a scroll of blinking {unknown}
 C - a scroll of amnesia {unknown}
Potions
 c - 2 potions of lignification
 j - 3 potions of mutation
 k - a potion of might
 m - 4 potions of heal wounds {unknown}
 n - 2 potions of resistance
 q - 2 potions of attraction {unknown}
 t - a potion of flight {unknown}
 u - 3 potions of curing {@q1}
 A - 4 potions of haste {@q3}

Dungeon Overview and Level Annotations

Branches:
Dungeon (7/15)             Temple (0/1) D:4          Bailey (1/1)

Altars:
Ashenzari
Cheibriados
Dithmenos
Elyvilon
Makhleb
Nemelex Xobeh
Okawaru
Ru
Sif Muna
Wu Jian
The Shining One

Shops:
D:1 ! D:5

[ ♣♣♣....).).♣
♣...)[).♣♣ ♣▒▒'''▒▒♣
▒▒..)).▒▒ ▒.))....▒
▒▒.)[.)§☼▒▒
▒..)..[○☼☼▒
▒▒......☼o☼▒▒
▒.....⌠)☼@☼.▒ ▒▒▒▒▒
▒▒).....)).▒▒.....▒
.).........).......
..▒▒.......▒▒.......
.. ▒..)....▒ ).)....
.. ▒▒.....▒▒ .......
⌠.. ▒▒▒▒▒▒▒ ...⌠...
.)) ....... .......


You could see an orc warlord (strong).


Message History

The searing ray hits the goblin!
You kill the goblin!
Sif Muna accepts your kill. (Press . to maintain the ray.)
The orc warlord seems less confused.
The orc warlord drinks a potion.
The orc warlord seems to grow stronger.
Items here: ! ) ? [ †.
Casting: Searing Ray (safe; 1% risk of failure)
Confirm with . or Enter, or press ? or * to list all spells.
Aiming: Mephitic Cloud (safe; 1% risk of failure)
Press: ? - help, Shift-Dir - straight line, f - orc warlord
Aim: an orc warlord, wielding a +5 broad axe and wearing a +0 plate armour (strong, chance to affect: 29%)
The ball explodes into a vile cloud!
The stinking cloud engulfs the orc warlord but does no damage.
You hear a shout!
The orc warlord is engulfed in noxious fumes.
Casting: Mephitic Cloud (safe; 1% risk of failure)
Confirm with . or Enter, or press ? or * to list all spells.
Aiming: Mephitic Cloud (safe; 1% risk of failure)
Press: ? - help, Shift-Dir - straight line, f/p - orc warlord
Aim: an orc warlord, wielding a +5 broad axe and wearing a +0 plate armour (noxious fumes, strong, chance to affect: 29%) That beam is likely to hit you.
Continue anyway?
The ball explodes into a vile cloud!
The stinking cloud engulfs the orc warlord but does no damage.
The stinking cloud engulfs you but does no damage.
You hear a shout!
The orc warlord is engulfed in noxious fumes.
The orc warlord hits you with a +5 broad axe!!!
Ouch! That really hurt!
You die...

Skill      XL: |  1  2  3  4  5  6  7  8  9 |
---------------+----------------------------+-----
Stealth        | 3 4 5 |  5.0
Dodging        | 3 4 5 6 7 |  7.5
Air Magic      | 1 2 3 |  3.0
Spellcasting   | 4 5 6 8 |  8.5
Necromancy     | 1 2 3 |  3.1
Conjurations   | 5 6 7 |  7.8
Hexes          | 1 4 6 7 |  7.7
Invocations    | 4 6 |  6.9

Action                   |  1- 3 |  4- 6 |  7- 9 | 10-12 || total
-------------------------+-------+-------+-------+-------++-------
Melee: Club              |       |     9 |     4 |       ||    13
 Cast: Magic Dart        |    50 |   105 |    90 |    30 ||   275
       Searing Ray       |     2 |    22 |    30 |     4 ||    58
       Shock             |       |    13 |    27 |       ||    40
       Fulminant Prism   |       |       |    35 |     2 ||    37
       Sublimation of Bl |       |       |     6 |       ||     6
       Mephitic Cloud    |       |       |     8 |     8 ||    16
       Tukima's Dance    |       |       |     2 |     6 ||     8
       Static Discharge  |       |       |     1 |       ||     1
Invok: Channel Magic     |       |       |     2 |     1 ||     3
  Use: Scroll            |       |     3 |     2 |       ||     5
       Potion            |       |       |     1 |       ||     1
Armor: Robe              |       |     3 |     5 |       ||     8
Dodge: Dodged            |     1 |    25 |    53 |     6 ||    85
       Repelled          |       |       |     1 |       ||     1

Levels and vault maps discovered:
D:1:      mainiacjoe_arrival_reflecting_pool, layout_loops_ring, serial_shops,
          shop, shapermc_ecumenical_altar_starsandcircs, minivault_25
D:2:      layout_rooms, basic_altar, minmay_cupped, uniq_jessica, uniq_natasha
D:3:      layout_basic, lemuel_doored_altar,
          mainiacjoe_overflow_six_doors_small, okawaru_altar_gauntlet_db,
          kennysheep_decorative_pillar, lightli_corner_chamber
D:4:      layout_loops_cross, slow_altar_1, nicolae_ru_awakened_eye,
          mainiacjoe_overflow_24_doors, minmay_temple_entry_slanted,
          serial_bayou_lagoon_a, minmay_crystal_water
D:5:      layout_cave_pools, nzn_wu_jian_contemplation, tso_altar, serial_shops,
          nicolae_shop_trees, uniq_ijyb
D:6:      kennysheep_six_static_rooms, layout_basic, marbit_many_paths,
          elyvilon_altar_4, uniq_sigmund, uniq_crazy_yiuf_cottage, uniq_menkaure
D:7:      layout_cave_pools, enter_bailey_5, minmay_misc_feat_pillars,
          uniq_duvessa
Bailey:   bailey_axe_minmay_hex_keep, bailey

Notes
Turn   | Place    | Note
-------+----------+-------------------------------------------
     0 | D:1      | kingofthe the Deep Elf Conjurer began the quest for the
                  | Orb.
     0 | D:1      | Reached XP level 1. HP: 10/10 MP: 6/6
   258 | D:1      | Found a faded altar of an unknown god.
   262 | D:1      | Reached XP level 2. HP: 15/15 MP: 4/8
   355 | D:1      | Reached skill level 3 in Stealth
   361 | D:1      | Learned a level 2 spell: Searing Ray
   550 | D:1      | Reached skill level 3 in Dodging
   638 | D:1      | Reached XP level 3. HP: 19/19 MP: 8/10
   654 | D:1      | Found Dobeggez's Distillery.
  1080 | D:2      | Got Pamies's Tome of Harmful Ignition
  1083 | D:2      | Learned a level 1 spell: Shock
  1103 | D:2      | Noticed Jessica
  1106 | D:2      | Killed Jessica
  1277 | D:2      | Reached skill level 1 in Air Magic
  1277 | D:2      | Reached XP level 4. HP: 24/24 MP: 4/11
  1340 | D:2      | Found a broken altar of Ashenzari.
  1378 | D:2      | Learned a level 2 spell: Sublimation of Blood
  1561 | D:2      | Noticed Natasha
  1566 | D:2      | Killed Natasha
  1566 | D:2      | Noticed Natasha
  1567 | D:2      | Reached skill level 4 in Spellcasting
  1569 | D:2      | Killed Natasha
  1570 | D:2      | Reached skill level 1 in Necromancy
  1679 | D:2      | Reached XP level 5. HP: 28/28 MP: 8/13
  1699 | D:2      | Noticed Natasha
  1716 | D:2      | Killed Natasha
  1717 | D:2      | Reached skill level 5 in Conjurations
  1971 | D:3      | Found a burning altar of Makhleb.
  2207 | D:3      | Found a sparkling altar of Nemelex Xobeh.
  2219 | D:3      | Reached skill level 2 in Air Magic
  2450 | D:3      | Noticed a sky beast
  2572 | D:3      | Reached skill level 2 in Necromancy
  2656 | D:3      | Found an iron altar of Okawaru.
  2848 | D:4      | Reached skill level 4 in Stealth
  3190 | D:4      | Learned a level 1 spell: Apportation
  3195 | D:4      | Found a shimmering blue altar of Sif Muna.
  3219 | D:4      | Became a worshipper of Sif Muna the Loreminder
  3275 | D:4      | Found a sacrificial altar of Ru.
  3404 | D:4      | Reached XP level 6. HP: 32/32 MP: 9/14
  3759 | D:4      | Found a staircase to the Ecumenical Temple.
  3780 | D:4      | Found a snail-covered altar of Cheibriados.
  3860 | D:4      | Reached skill level 4 in Dodging
  3860 | D:4      | Reached skill level 3 in Necromancy
  3869 | D:4      | Learned a level 4 spell: Fulminant Prism
  3966 | D:4      | Reached skill level 3 in Air Magic
  4070 | D:4      | Reached skill level 1 in Hexes
  4308 | D:4      | Reached XP level 7. HP: 24/36 MP: 12/16
  4326 | D:4      | Reached skill level 2 in Hexes
  4714 | D:5      | Entered Level 5 of the Dungeon
  4725 | D:5      | Reached skill level 5 in Spellcasting
  4808 | D:5      | Reached skill level 3 in Hexes
  4900 | D:5      | Reached * piety under Sif Muna
  4901 | D:5      | Reached skill level 5 in Stealth
  5222 | D:5      | Noticed a hornet
  5228 | D:5      | Identified 2 potions of resistance
  5245 | D:5      | Killed a hornet
  5246 | D:5      | Reached skill level 5 in Dodging
  5246 | D:5      | Reached skill level 6 in Conjurations
  5246 | D:5      | Reached skill level 4 in Hexes
  5246 | D:5      | Reached XP level 8. HP: 11/41 MP: 15/18
  5543 | D:5      | Noticed Ijyb
  5552 | D:5      | Killed Ijyb
  5652 | D:5      | Found Ocoa's Antique Armour Emporium.
  5660 | D:5      | Bought a glowing robe for 96 gold pieces
  5708 | D:5      | Found an ornate altar of the Wu Jian Council.
  5803 | D:5      | Found a glowing golden altar of the Shining One.
  5833 | D:6      | Reached skill level 5 in Hexes
  5941 | D:6      | Reached skill level 6 in Spellcasting
  5941 | D:6      | Reached skill level 1 in Invocations
  5951 | D:6      | Reached skill level 2 in Invocations
  6074 | D:6      | Reached skill level 3 in Invocations
  6158 | D:6      | Found a runed translucent door.
  6159 | D:6      | Noticed Crazy Yiuf
  6230 | D:6      | Found a shadowy altar of Dithmenos.
  6277 | D:6      | Reached skill level 6 in Dodging
  6277 | D:6      | Reached skill level 6 in Hexes
  6280 | D:6      | Reached skill level 4 in Invocations
  6280 | D:6      | Reached XP level 9. HP: 45/45 MP: 4/21
  6517 | D:6      | Reached skill level 7 in Spellcasting
  6612 | D:6      | Noticed Menkaure
  6616 | D:6      | Killed Menkaure
  6944 | D:6      | Learned a level 2 spell: Static Discharge
  6946 | D:6      | Noticed Sigmund
  6988 | D:6      | Reached skill level 7 in Conjurations
  6992 | D:6      | Learned a level 3 spell: Tukima's Dance
  7156 | D:6      | Killed Sigmund
  7157 | D:6      | Reached skill level 5 in Invocations
  7223 | D:6      | Found a white marble altar of Elyvilon.
  7384 | D:6      | Reached skill level 7 in Hexes
  7718 | D:6      | Learned a level 3 spell: Mephitic Cloud
  7905 | D:6      | Killed Crazy Yiuf
  7983 | D:7      | Reached skill level 7 in Dodging
  8035 | D:7      | Found a flagged portal.
  8051 | Bailey   | Entered a bailey
  8133 | Bailey   | Reached ** piety under Sif Muna
  8138 | Bailey   | Reached skill level 8 in Spellcasting
  8138 | Bailey   | Reached skill level 6 in Invocations
  8462 | Bailey   | Noticed an orc knight
  8479 | Bailey   | Killed an orc knight
  8480 | Bailey   | Reached XP level 10. HP: 10/50 MP: 4/24
  8953 | Bailey   | Noticed an orc warlord
  9032 | Bailey   | Mangled by an orc warlord

Vanquished Creatures
  An orc knight (Bailey)
  A hornet (D:5)
  5 yaks (D:6)
  Menkaure (D:6)
  5 orc warriors (Bailey)
  2 ice beasts (D:6)
  A black bear (D:6)
  A sky beast (D:6)
  A centaur (D:5)
  An ogre (D:6)
  A kobold brigand (D:6)
  4 necrophages
  A gnoll sergeant (D:6)
  2 jellies
  3 scorpions
  A hound (D:6)
  2 gnoll boudas
  3 orc priests (D:4)
  Crazy Yiuf (D:6)
  3 iguanas
  Jessica (D:2)
  Natasha (thrice) (D:2)
  Ijyb (D:5)
  An orc wizard (D:4)
  8 adders
  18 gnolls
  A shadow imp (D:6)
  A white imp (D:5)
  An ufetubus (D:6)
  4 worms
  2 dart slugs
  27 orcs
  3 bats
  8 endoplasms
  3 giant cockroaches
  15 goblins
  13 hobgoblins
  5 jackals
  11 kobolds
  5 quokkas
  4 ball pythons
  2 frilled lizards
  4 rats
  A fulminant prism (Bailey)
182 creatures vanquished.

Vanquished Creatures (collateral kills)
  Sigmund (D:6)
  An orc warrior (Bailey)
  An orc (Bailey)
3 creatures vanquished.

Vanquished Creatures (others)
  A dancing weapon (Bailey)
  A quokka (D:6)
  36 fulminant prisms
  55 plants (D:4)
93 creatures vanquished.

Grand Total: 278 creatures vanquished

Table legend: (Time is in decaauts)
 A = Elapsed time spent in this place.
 B = Non-inter-level travel time spent in this place.
 C = Inter-level travel time spent in this place.
 D = Time resting spent in this place.
 E = Time spent auto-exploring this place.
 F = Levels seen in this place.
 G = Mean time per level.
                   A        B        C        D        E       F      G
               +--------+--------+--------+--------+--------+-----+--------+
         Total |   9038 |   8788 |    250 |   1939 |   5568 |   8 | 1129.8 |
       Dungeon |   8057 |   7807 |    250 |   1389 |   5365 |   7 | 1151.0 |
        Bailey |    980 |    980 |      0 |    550 |    203 |   1 |  980.0 |
               +--------+--------+--------+--------+--------+-----+--------+

Top non-repeatable levels by time:
     D:6: 2000 daAuts
     D:4: 1980 daAuts
     D:5: 1219 daAuts
     D:1: 1016 daAuts
  Bailey: 980 daAuts
     D:2: 906 daAuts
     D:3: 860 daAuts
     D:7: 73 daAuts

Table legend:
 A = Non-vault XP
 B = Vault XP
 C = Vault XP percentage of total XP
 D = Non-vault monster count
 E = Vault monster count
 F = Vault count percentage of total count
                 A         B        C        D         E       F
            +---------+---------+-------+---------+---------+-------
      Total |    3400 |    2654 |  43.8 |     125 |      59 |  32.1
            +---------+---------+-------+---------+---------+-------
        D:1 |      43 |       0 |   0.0 |      17 |       0 |   0.0
        D:2 |     128 |      75 |  36.9 |      16 |       3 |  15.8
        D:3 |      37 |      23 |  38.3 |      15 |       6 |  28.6
        D:4 |     539 |       5 |   0.9 |      44 |       1 |   2.2
        D:5 |     610 |      36 |   5.6 |      11 |       1 |   8.3
        D:6 |    1997 |     933 |  31.8 |      21 |      10 |  32.3
        D:7 |      46 |       8 |  14.8 |       1 |       4 |  80.0
     Bailey |       0 |    1574 | 100.0 |       0 |      34 | 100.0
            +---------+---------+-------+---------+---------+-------
